[Event "Team 45 45 League T33"]
[Site "Internet Chess Club"]
[Date "2007.04.21"]
[Round "1"]
[White "NoiselessBear"]
[Black "DocHoliday"]
[Result "0-1"]
[WhiteElo "1834"]
[BlackElo "1934"]
[ECO "A43"]
[TimeControl "2700+45"]

1. d4 c5 2. dxc5 Qa5+ 3. Nc3 e6 4. e4 Bxc5 5. Bd2 Qc7 6. Qg4 Kf8 7. Nf3 Nc6 8.
Bd3 Nf6 9. Qg3 Bd6 10. Qh4 a6 11. O-O h5 12. a4 Kg8 13. Rae1 Ng4 14. Kh1 Nce5
15. Nxe5 Bxe5 16. f4 Bd4 17. Nd1 b5 18. e5 Bb7 19. f5 Bxe5 20. Rxe5 Qxe5 21. Bc3
Qd5 22. Qg3 e5 23. Re1 Bc6 24. Bxe5 Re8 25. Bc3 Rxe1+ 26. Bxe1 Qe5 27. Qh4 f6
28. Bc3 Qf4 29. b3 Qc1 30. Qe1 Qxd1 {White resigns} 0-1

[Event "Team 45 45 League T33"]
[Site "Internet Chess Club"]
[Date "2007.04.21"]
[Round "1"]
[White "markgravitygood"]
[Black "room-matt"]
[Result "1/2-1/2"]
[WhiteElo "1806"]
[BlackElo "1835"]
[ECO "C65"]
[TimeControl "2700+45"]

1. e4 e5 2. Nf3 Nc6 3. Bb5 Nf6 4. O-O Be7 5. Re1 d6 6. d4 exd4 7. Nxd4 Bd7 8.
Nc3 O-O 9. Be3 Re8 10. f3 h6 11. Qd2 Nh7 12. Rad1 Bf6 13. Bxc6 bxc6 14. b4 Qb8
15. Rb1 Qb7 16. Qd3 d5 17. exd5 cxd5 18. Nb3 c6 19. Nc5 Qc7 20. Bd4 Bxd4+ 21.
Qxd4 Rxe1+ 22. Rxe1 Re8 23. Rxe8+ Bxe8 24. Qe3 Nf6 25. Ne2 a5 26. a3 axb4 27.
axb4 Qa7 28. Nd4 Qa1+ 29. Kf2 Qa7 30. Kg1 {Game drawn by mutual agreement}
1/2-1/2

[Event "Team 45 45 League T33"]
[Site "Internet Chess Club"]
[Date "2007.04.22"]
[Round "1"]
[White "burnsja2003"]
[Black "GrandPoobah069"]
[Result "1-0"]
[WhiteElo "1751"]
[BlackElo "1646"]
[ECO "A58"]
[TimeControl "2700+45"]

1. d4 Nf6 2. c4 c5 3. d5 b5 4. cxb5 a6 5. bxa6 Bxa6 6. Nc3 d6 7. g3 g6 8. Nf3
Bg7 9. e4 Bxf1 10. Kxf1 Nbd7 11. Kg2 Ng4 12. Bf4 Nge5 13. Bxe5 Nxe5 14. Nxe5
Bxe5 15. Re1 Qb8 16. Re2 O-O 17. Qd3 Ra5 18. Rae1 Qa7 19. f4 Bxc3 20. bxc3 Rxa2
21. Rxa2 Qxa2+ 22. Re2 Qa7 23. Rb2 Rb8 24. Qb1 Ra8 25. Rb7 Qa2+ 26. Rb2 Qxb1 27.
Rxb1 Ra2+ 28. Kf3 Rc2 29. Rb3 Rxh2 30. e5 Rd2 31. Ke4 f5+ 32. exf6 exf6 33. g4
Re2+ 34. Kf3 Re7 35. Rb6 Rd7 36. Rb2 Kf7 37. Re2 Re7 38. Rh2 Kg7 39. Rb2 h5 40.
gxh5 gxh5 41. Rg2+ Kh7 42. Rh2 Kh6 43. Rg2 Rg7 44. Re2 Rd7 45. Re6 Kg6 46. Ke4
Rd8 47. f5+ Kg5 48. Re7 h4 49. Rg7+ Kh5 50. Rh7+ Kg4 51. Rg7+ Kh3 52. Rf7 Re8+
53. Kf4 Re1 54. Rxf6 Rf1+ 55. Kg5 Kg3 56. Rxd6 h3 57. Rh6 h2 58. f6 h1=Q 59.
Rxh1 Rxh1 60. f7 Rf1 61. Kg6 Kg4 62. d6 Rxf7 63. Kxf7 Kf5 64. d7 Ke4 65. d8=Q
Ke5 66. c4 Ke4 67. Qd5+ {Black resigns} 1-0

[Event "Team 45 45 League T33"]
[Site "Internet Chess Club"]
[Date "2007.04.23"]
[Round "1"]
[White "BraafPaard"]
[Black "RingLord"]
[Result "1/2-1/2"]
[WhiteElo "1586"]
[BlackElo "1697"]
[ECO "B81"]
[TimeControl "2700+45"]

1. e4 c5 2. Nf3 e6 3. d4 cxd4 4. Nxd4 Nf6 5. Nc3 d6 6. g4 h6 7. h3 Nc6 8. Be3 a6
9. Bg2 Ne5 10. Qe2 g5 11. O-O-O Bd7 12. Nf3 Qa5 13. Nxe5 Qxe5 14. Kb1 Rc8 15.
Bd4 Qf4 16. Be3 Qe5 17. Bd4 Qf4 18. Be3 Qe5 19. Bd4 {Game drawn by repetition}
1/2-1/2

[Event "Team 45 45 League T33"]
[Site "Internet Chess Club"]
[Date "2007.04.20"]
[Round "1"]
[White "siddhu"]
[Black "kabindra"]
[Result "1-0"]
[WhiteElo "1820"]
[BlackElo "1784"]
[ECO "C90"]
[TimeControl "2700+45"]

1. e4 e5 2. Nf3 Nc6 3. Bb5 a6 4. Ba4 Nf6 5. O-O b5 6. Bb3 Be7 7. Re1 d6 8. h3
Na5 9. c3 Nxb3 10. Qxb3 c5 11. d3 Be6 12. Qc2 h6 13. Nbd2 Rc8 14. Nf1 Nh5 15. a4
O-O 16. Be3 Nf4 17. Ng3 c4 18. Bxf4 exf4 19. Ne2 cxd3 20. Qxd3 Bc4 21. Qd2 Bg5
22. Nxf4 Qf6 23. Nxg5 Qxg5 24. axb5 axb5 25. Qe3 Rfe8 26. Nd5 Qxe3 27. Rxe3 Ra8
28. Rxa8 Rxa8 29. Nb6 Ra1+ 30. Kh2 Be6 31. Rd3 Rf1 32. Kg3 Rb1 33. Rd2 Kf8 34.
Nd5 Bd7 35. f4 Re1 36. Kf3 Bc6 37. Ne3 f5 38. Rxd6 Bxe4+ 39. Kf2 Rb1 40. Rd2 g6
41. Nf1 Ke7 42. Nh2 Rc1 43. Nf3 Rc2 44. Rxc2 Bxc2 45. Ke3 Be4 46. g3 Bb7 47. Nd4
Ba6 48. b4 Kd6 49. Kd2 Kd5 50. Kd3 h5 51. h4 Kd6 52. Nf3 Ke6 53. Ne5 Kf6 54. Kd4
Ke6 55. Kc5 Bb7 56. Nxg6 Bf3 57. Kxb5 Be2+ 58. Kc5 Ba6 59. b5 Bc8 60. Ne5 Bb7
61. Nc6 Kd7 62. c4 Kc7 63. b6+ Kd7 64. Na5 Bf3 65. b7 Kc7 66. Kb5 Bg2 67. c5
Bf1+ 68. Kb4 Be2 69. Kc3 Bf3 70. Kd4 Bg4 71. Ke5 Bh3 72. Kf6 Bg4 73. Kg5 {Black
resigns} 1-0

[Event "Team 45 45 League T33"]
[Site "Internet Chess Club"]
[Date "2007.04.20"]
[Round "1"]
[White "jaybird"]
[Black "michaelus"]
[Result "0-1"]
[WhiteElo "1805"]
[BlackElo "1764"]
[ECO "A22"]
[TimeControl "2700+45"]

1. c4 e5 2. Nc3 Nf6 3. g3 d5 4. cxd5 Nxd5 5. Bg2 Nb6 6. e3 Nc6 7. Nge2 Be7 8.
O-O O-O 9. a3 a5 10. Qc2 f5 11. Rd1 Qe8 12. d4 e4 13. Nf4 Qf7 14. Bd2 g5 15.
Nfe2 Be6 16. Nc1 a4 17. d5 Bxd5 18. Nxd5 Nxd5 19. Ne2 Ne5 20. Bc3 Nf3+ 21. Kh1
Nxc3 22. bxc3 Qh5 23. h3 g4 24. Nf4 Qh6 25. Bxf3 exf3 26. Rd5 Bd6 27. h4 Bxf4
28. exf4 Qe6 29. Rad1 c6 30. Rd7 Qb3 31. Qxb3+ axb3 32. Rxb7 Rfb8 33. Rxb8+ Rxb8
34. Rb1 Kf7 35. Kg1 Ke6 36. c4 Kd6 37. Kf1 Kc5 38. Ke1 Kxc4 39. Kd2 Rd8+ 40. Kc1
Kc3 41. a4 Ra8 42. Kd1 b2 {White resigns} 0-1

[Event "Team 45 45 League T33"]
[Site "Internet Chess Club"]
[Date "2007.04.21"]
[Round "1"]
[White "allanchs"]
[Black "tammany"]
[Result "0-1"]
[WhiteElo "1618"]
[BlackElo "1650"]
[ECO "B93"]
[TimeControl "2700+45"]

1. e4 c5 2. Nf3 d6 3. d4 cxd4 4. Nxd4 Nf6 5. Nc3 a6 6. f4 e5 7. Nf3 Nbd7 8. Be2
b5 9. Be3 b4 10. Nd5 Nxe4 11. O-O Qa5 12. Bc4 Bb7 13. fxe5 dxe5 14. Ng5 Nxg5 15.
Bxg5 Bc5+ 16. Be3 Bxd5 17. Bxd5 Bxe3+ 18. Kh1 O-O-O 19. Rxf7 Bd4 20. Qf3 Qb6 21.
Qg4 Qg6 22. Qxg6 hxg6 23. Rxg7 Bxb2 24. Rf1 Rhf8 25. Rgf7 Rxf7 26. Rxf7 Rf8
{White resigns} 0-1

[Event "Team 45 45 League T33"]
[Site "Internet Chess Club"]
[Date "2007.04.22"]
[Round "1"]
[White "cascarillo"]
[Black "Karpyan"]
[Result "1-0"]
[WhiteElo "2047"]
[BlackElo "1871"]
[ECO "C17"]
[TimeControl "2700+45"]

1. e4 e6 2. d4 d5 3. Nc3 Bb4 4. e5 c5 5. dxc5 Bxc3+ 6. bxc3 Ne7 7. Nf3 Qa5 8.
Bd3 Qxc3+ 9. Bd2 Qxc5 10. O-O Bd7 11. Rb1 Qc7 12. Bb4 Bc6 13. Qd2 Qd8 14. Nd4 a5
15. Ba3 Na6 16. f4 Nb4 17. f5 Nxd3 18. fxe6 Nxe5 19. exf7+ Nxf7 20. Ne6 Qd7 21.
Nxg7+ Kf8 22. Qf4 Kxg7 23. Qf6+ {Black resigns} 1-0

[Event "Team 45 45 League T33"]
[Site "Internet Chess Club"]
[Date "2007.04.23"]
[Round "1"]
[White "Aarick"]
[Black "Amauta"]
[Result "1/2-1/2"]
[WhiteElo "1737"]
[BlackElo "1858"]
[ECO "B30"]
[TimeControl "2700+45"]

1. e4 c5 2. Nf3 Nc6 3. Bb5 Na5 4. O-O a6 5. Be2 Nc6 6. c3 Nf6 7. e5 Nd5 8. d4
cxd4 9. cxd4 e6 10. b3 d6 11. Re1 dxe5 12. dxe5 Bb4 13. Bd2 Bc5 14. Nc3 Nxc3 15.
Bxc3 Qb6 16. Rf1 O-O 17. a3 a5 18. Qc2 h6 19. Qb2 Rd8 {Game drawn by mutual
agreement} 1/2-1/2

[Event "Team 45 45 League T33"]
[Site "Internet Chess Club"]
[Date "2007.04.19"]
[Round "1"]
[White "makito"]
[Black "SATELLITE-DAN"]
[Result "1-0"]
[WhiteElo "1772"]
[BlackElo "1651"]
[ECO "D30"]
[TimeControl "2700+45"]

1. d4 d5 2. c4 e6 3. Nf3 Nf6 4. e3 c6 5. Be2 Bb4+ 6. Nc3 dxc4 7. Bxc4 b5 8. Bd3
Nbd7 9. a3 Be7 10. O-O a6 11. b4 O-O 12. Qc2 Bb7 13. e4 h6 14. h3 Nh7 15. e5 Ng5
16. Nxg5 Bxg5 17. Bxg5 Qxg5 18. Ne4 Qe7 19. f4 f5 20. exf6 Nxf6 21. Nc5 Nd5 22.
Qd2 Rab8 23. Rae1 Bc8 24. f5 Qf6 25. fxe6 Qxd4+ 26. Kh1 Rxf1+ 27. Rxf1 Qe5 28.
Re1 Qf6 29. Bb1 Qe7 30. Ba2 Nf6 31. Qf4 Ra8 32. Qf3 Bb7 33. Rd1 a5 34. Nxb7 Qxb7
35. e7+ Kh8 36. Rd8+ {Black resigns} 1-0

[Event "Team 45 45 League T33"]
[Site "Internet Chess Club"]
[Date "2007.04.21"]
[Round "1"]
[White "Lionskins"]
[Black "BrerRabbit"]
[Result "0-1"]
[WhiteElo "1614"]
[BlackElo "1534"]
[ECO "A00"]
[TimeControl "2700+45"]

1. b4 c6 2. c4 Qb6 3. a3 a5 4. Qa4 Qd4 5. Nc3 Qxc4 6. e3 Qe6 7. b5 c5 8. Bc4 Qg6
9. g3 b6 10. Bd5 Ra7 11. Nf3 Bb7 12. Ne5 Qf6 13. Qe4 Bxd5 14. Qxd5 e6 15. Qe4 d5
16. Qf4 Qxf4 17. gxf4 Be7 18. Rg1 g6 19. Bb2 Nf6 20. Na4 Rb7 21. Rc1 O-O 22. f3
Nfd7 23. Ng4 Rd8 24. Nh6+ Kf8 25. Ng4 c4 26. Ke2 f5 27. Ne5 Nxe5 28. Bxe5 Kf7
29. Rg3 Bxa3 30. Rcg1 Be7 31. Rh3 h5 32. Rxh5 gxh5 33. Rg7+ Kf8 34. Rh7 Ke8 35.
Rxh5 Nd7 36. Rh8+ Nf8 37. h4 Bd6 38. Bd4 Rh7 39. Nxb6 Rxh8 40. Bxh8 Rb8 41. Bd4
Bc7 42. Na4 Rxb5 43. h5 Kf7 44. Nc5 Ke7 45. h6 Nh7 46. Na4 Rb4 47. Nc3 Bd6 48.
Nd1 a4 49. Nf2 a3 50. Nh3 Nf6 51. Ng5 a2 52. e4 Bxf4 53. e5 Bxg5 54. exf6+ Kf7
55. h7 Rb8 56. Be5 Ra8 57. f4 Bxf6 {White resigns} 0-1

[Event "Team 45 45 League T33"]
[Site "Internet Chess Club"]
[Date "2007.04.22"]
[Round "1"]
[White "chesskilleruk"]
[Black "rindetecallaham"]
[Result "0-1"]
[WhiteElo "2294"]
[BlackElo "2292"]
[ECO "C42"]
[TimeControl "2700+45"]

1. e4 e5 2. Nf3 Nf6 3. Nxe5 Nxe4 4. Qe2 d5 5. d3 Qe7 6. dxe4 Qxe5 7. exd5 Bd6 8.
Qxe5+ Bxe5 9. Bd3 O-O 10. O-O Nd7 11. c4 Nc5 12. Bc2 Bg4 13. f3 Bh5 14. Nd2 Bg6
15. Ne4 Rfe8 16. Rd1 Nxe4 17. fxe4 f5 18. exf5 Bh5 19. Rd3 Be2 20. Rd2 Bxc4 21.
Bd1 Bf4 22. g3 Re1+ 23. Kf2 Rf1+ 24. Kg2 Bxd2 25. Bxd2 Rxf5 26. Bf4 Bxd5+ 27.
Kg1 Raf8 28. Bc2 R5f7 29. Rd1 c6 30. b3 g5 31. Be3 Re8 32. Re1 c5 33. Bd1 Rfe7
34. Kf2 Rf8+ 35. Kg1 c4 36. b4 c3 37. a4 g4 {White resigns} 0-1

[Event "Team 45 45 League T33"]
[Site "Internet Chess Club"]
[Date "2007.04.20"]
[Round "1"]
[White "DTK"]
[Black "JustinSane"]
[Result "1-0"]
[WhiteElo "2217"]
[BlackElo "2172"]
[ECO "C00"]
[TimeControl "2700+45"]

1. e4 e6 2. d3 d5 3. Qe2 Be7 4. Nf3 c5 5. g3 Nc6 6. Bg2 Nf6 7. O-O O-O 8. e5 Ne8
9. h4 f6 10. Bf4 g5 11. hxg5 fxg5 12. Bc1 Ng7 13. c4 Nf5 14. Nc3 Nfd4 15. Nxd4
cxd4 16. cxd5 dxc3 17. dxc6 cxb2 18. Bxb2 bxc6 19. Bxc6 Rb8 20. Be4 Bb7 21. Rab1
Qd7 22. Bc1 Bxe4 23. Rxb8 Rxb8 24. Qxe4 Rb4 25. Qe2 Rd4 26. Qh5 Qd8 27. Qh6 Qd5
28. Bxg5 Bf8 29. Qf6 Rxd3 30. Be3 Qxa2 31. Rc1 Qd5 32. Kh2 Qd7 33. Ra1 Ra3 34.
Rb1 Ra2 35. Rb8 Qf7 36. Bc5 Qh5+ 37. Kg2 {Black resigns} 1-0

[Event "Team 45 45 League T33"]
[Site "Internet Chess Club"]
[Date "2007.04.22"]
[Round "1"]
[White "Gil-galad"]
[Black "AMAV"]
[Result "1/2-1/2"]
[WhiteElo "2087"]
[BlackElo "2073"]
[ECO "E15"]
[TimeControl "2700+45"]

1. d4 Nf6 2. c4 e6 3. Nf3 b6 4. g3 Bb7 5. Bg2 c5 6. d5 exd5 7. Nh4 d6 8. cxd5 g6
9. Nc3 Bg7 10. O-O O-O 11. Bg5 h6 12. Bd2 Qd7 13. e4 Na6 14. h3 Nc7 15. a4 b5
16. axb5 Nxb5 17. Nxb5 Qxb5 18. Bc3 Rfe8 19. Re1 Nd7 20. Bf1 c4 21. Bxg7 Kxg7
22. b3 Ne5 23. bxc4 Qc5 24. Qd2 a5 25. Reb1 Bc8 26. Rb5 Qc7 27. Qd4 Kh7 28. f4
Nd7 29. Nf3 f6 30. Kg2 a4 31. Bd3 Nc5 32. Bc2 Bd7 33. Rb4 Qa5 34. Qxf6 Qxb4 35.
Qf7+ Kh8 36. Qf6+ Kh7 37. Qf7+ {Game drawn by mutual agreement} 1/2-1/2

[Event "Team 45 45 League T33"]
[Site "Internet Chess Club"]
[Date "2007.04.22"]
[Round "1"]
[White "Gregorio"]
[Black "fileman"]
[Result "1-0"]
[WhiteElo "2071"]
[BlackElo "1914"]
[ECO "B00"]
[TimeControl "2700+45"]

1. e4 Nc6 2. d4 e5 3. d5 Nce7 4. c4 Ng6 5. Nc3 Bc5 6. Qd3 a5 7. Be3 b6 8. g3 d6
9. Bg2 N8e7 10. Nge2 f5 11. exf5 Bxf5 12. Ne4 O-O 13. O-O Qd7 14. N2c3 h6 15.
Bxc5 bxc5 16. Rfe1 Bh3 17. Bh1 Nf5 18. Nb5 Qf7 19. a4 Nd4 20. Re3 Bf5 21. Rf1
Bh3 22. Rfe1 Bf5 23. Rf1 Bh3 24. Rd1 Bg4 25. Rf1 Nf3+ 26. Bxf3 Bxf3 27. Nxc7
Qxc7 28. Rxf3 Qd7 29. Rxf8+ Rxf8 30. Nxc5 Qg4 31. f3 Qg5 32. Ne6 {Black resigns}
1-0

[Event "Team 45 45 League T33"]
[Site "Internet Chess Club"]
[Date "2007.04.21"]
[Round "1"]
[White "Guinness"]
[Black "Allessia"]
[Result "0-1"]
[WhiteElo "2346"]
[BlackElo "2281"]
[ECO "D00"]
[TimeControl "2700+45"]

1. d4 Nf6 2. Nc3 d5 3. e4 dxe4 4. f3 exf3 5. Nxf3 Bg4 6. h3 Bh5 7. g4 Bg6 8. Ne5
e6 9. Qf3 Nd5 10. Bb5+ c6 11. O-O Nf6 12. Nxg6 hxg6 13. g5 cxb5 14. Qxb7 Nbd7
15. gxf6 Rb8 16. Qxa7 Nxf6 17. Bf4 Bd6 18. d5 e5 19. Rae1 Nd7 20. Ne4 Bc7 21.
Kg2 Ra8 22. Qb7 O-O 23. Be3 Bb6 24. a3 Rc8 25. Bxb6 Nxb6 26. Nc3 Na4 27. Rxe5
Nxc3 28. bxc3 Rxc3 29. Qxb5 Qh4 30. Rf3 Rxf3 31. Kxf3 Qxh3+ 32. Ke4 Qc3 33. d6
Qxc2+ 34. Qd3 Qg2+ 35. Kd4 Qb2+ 36. Qc3 Qb6+ 37. Qc5 Qb3 38. Qc3 Qd1+ 39. Qd3
Qg1+ 40. Qe3 Qg4+ 41. Qe4 Qd7 42. Qd5 Rc8 43. Re7 Qg4+ 44. Qe4 Qg1+ 45. Qe3 Qa1+
46. Ke4 Rc4+ 47. Kf3 Rc3 {White resigns} 0-1

[Event "Team 45 45 League T33"]
[Site "Internet Chess Club"]
[Date "2007.04.18"]
[Round "1"]
[White "kostasgr"]
[Black "kingcapture"]
[Result "1/2-1/2"]
[WhiteElo "2169"]
[BlackElo "2268"]
[ECO "B23"]
[TimeControl "2700+45"]

1. e4 c5 2. Nc3 g6 3. g3 Bg7 4. Bg2 e5 5. d3 Ne7 6. Nge2 O-O 7. O-O d6 8. Be3
Nbc6 9. Qd2 Nd4 10. Nd1 f5 11. f4 Rb8 12. c3 Nxe2+ 13. Qxe2 Qc7 14. a4 Kh8 15.
Qf2 Nc6 16. Bd2 b6 17. Ne3 Be6 18. Nd5 Bxd5 19. exd5 Na5 20. Be3 Rbe8 21. Qc2 c4
22. Rfe1 cxd3 23. Qxd3 e4 24. Qb5 Nc4 25. Bd4 Rc8 26. Rad1 Rf7 27. g4 Bxd4+ 28.
Rxd4 a6 29. Qb3 Qc5 30. Kh1 b5 31. axb5 axb5 32. gxf5 gxf5 33. Bh3 Rg8 34. Qc2
Qc8 35. Rdxe4 Rfg7 36. b3 Qc5 37. Rd4 Nb6 38. b4 Qc7 39. Bxf5 Qe7 40. Be6 Qh4
41. Rde4 Re8 42. f5 Qf6 43. Rg1 Rxg1+ 44. Kxg1 Ra8 45. Qd2 Nc4 46. Qd3 Ra1+ 47.
Kg2 Ra2+ 48. Kh3 Qh6+ 49. Rh4 Rxh2+ 50. Kxh2 Qxh4+ 51. Kg2 Qg4+ 52. Kf2 Qf4+ 53.
Qf3 Qd2+ 54. Kg1 Qe1+ 55. Kh2 Ne5 56. Qg3 Qe2+ 57. Kh3 Qh5+ 58. Kg2 Qe2+ 59. Qf2
Qe4+ 60. Kf1 Qd3+ 61. Kg2 Qe4+ 62. Kf1 Qb1+ 63. Kg2 Qe4+ 64. Kf1 {Game drawn by
repetition} 1/2-1/2

[Event "Team 45 45 League T33"]
[Site "Internet Chess Club"]
[Date "2007.04.22"]
[Round "1"]
[White "onslaught"]
[Black "mala9"]
[Result "1-0"]
[WhiteElo "2218"]
[BlackElo "2144"]
[ECO "B60"]
[TimeControl "2700+45"]

1. e4 c5 2. Nf3 d6 3. d4 cxd4 4. Nxd4 Nf6 5. Nc3 Nc6 6. Bg5 Bd7 7. Be2 Rc8 8.
Bxf6 gxf6 9. O-O Nxd4 10. Qxd4 Qa5 11. Kh1 Qc5 12. Qd3 f5 13. Bf3 Bg7 14. exf5
Bxc3 15. bxc3 Bb5 16. c4 Bxc4 17. Qc3 Rg8 18. Rfe1 b6 19. Rad1 Kf8 20. f6 e6 21.
Qd2 Rg6 22. Qf4 Kg8 23. Be4 Qg5 24. Qxg5 Rxg5 25. Rxd6 h5 26. Red1 Bd5 27. f4
Rg4 28. Bxd5 exd5 29. g3 Rxc2 30. R1xd5 h4 31. Rh5 Rc8 32. Kg2 hxg3 33. hxg3 Rg6
34. Kh3 {Black resigns} 1-0

[Event "Team 45 45 League T33"]
[Site "Internet Chess Club"]
[Date "2007.04.21"]
[Round "1"]
[White "Ozgur-Bjk"]
[Black "fledermaus"]
[Result "1-0"]
[WhiteElo "2143"]
[BlackElo "1948"]
[ECO "D68"]
[TimeControl "2700+45"]

1. d4 d5 2. c4 e6 3. Nc3 Nf6 4. Nf3 Be7 5. Bg5 O-O 6. e3 Nbd7 7. Rc1 c6 8. Bd3
dxc4 9. Bxc4 Nd5 10. Bxe7 Qxe7 11. O-O Nxc3 12. Rxc3 e5 13. Nxe5 Nxe5 14. dxe5
Qxe5 15. Qb3 Qe7 16. Rd1 Bf5 17. e4 Bg4 18. f3 Bh5 19. Qc2 Rfd8 20. Rcd3 Kf8 21.
Qd2 Rxd3 22. Qxd3 Re8 23. Qd4 b6 24. Kf2 f6 25. Qd6 c5 26. Bb5 Qxd6 27. Rxd6 Re7
28. Rd8+ Be8 29. Ra8 Kf7 30. Bxe8+ Rxe8 31. Rxa7+ Kg6 32. Rb7 Re6 33. Ke3 Rd6
34. f4 Kh6 35. g4 g6 36. h4 g5 37. hxg5+ fxg5 38. f5 c4 39. e5 Rd3+ 40. Ke2 Rd4
41. e6 Rxg4 42. e7 Re4+ 43. Kf3 Re5 44. Rxb6+ Kg7 45. Re6 Rxf5+ 46. Kg3 {Black
resigns} 1-0

[Event "Team 45 45 League T33"]
[Site "Internet Chess Club"]
[Date "2007.04.22"]
[Round "1"]
[White "Milo"]
[Black "gorgon"]
[Result "1-0"]
[WhiteElo "2471"]
[BlackElo "2148"]
[ECO "B97"]
[TimeControl "2700+45"]

1. e4 c5 2. Nf3 d6 3. d4 cxd4 4. Nxd4 Nf6 5. Nc3 a6 6. Bg5 e6 7. f4 Qb6 8. Qd2
Qxb2 9. Nb3 Nc6 10. Bxf6 gxf6 11. Na4 Qa3 12. Nb6 Rb8 13. Nc4 Qa4 14. a3 b5 15.
Nxd6+ Bxd6 16. Qxd6 Qxe4+ 17. Be2 Qd5 18. Qxd5 exd5 19. O-O-O O-O 20. Rxd5 Be6
21. Rd6 Bxb3 22. cxb3 Rbc8 23. Kb2 Rfd8 24. Rhd1 Rxd6 25. Rxd6 Rd8 26. Rxc6 Rd2+
27. Rc2 {Black resigns} 1-0

[Event "Team 45 45 League T33"]
[Site "Internet Chess Club"]
[Date "2007.04.21"]
[Round "1"]
[White "Zebbile"]
[Black "WesleyCrusher"]
[Result "0-1"]
[WhiteElo "1996"]
[BlackElo "2052"]
[ECO "D55"]
[TimeControl "2700+45"]

1. Nf3 d5 2. c4 Nf6 3. d4 e6 4. Nc3 Be7 5. Bg5 O-O 6. e3 h6 7. Bxf6 Bxf6 8. cxd5
exd5 9. Qb3 c6 10. Bd3 Re8 11. O-O Nd7 12. h3 a5 13. Rac1 Qb6 14. Qc2 Nf8 15.
Na4 Qa7 16. a3 Ne6 17. Bf5 Be7 18. Bh7+ Kf8 19. Ne5 Bd6 20. Qf5 Bxe5 21. Qxe5
Qb8 22. Qxb8 Rxb8 23. Bd3 b6 24. b4 axb4 25. axb4 Bd7 26. Ra1 Rec8 27. Rfc1 Ke7
28. Bf5 Kd6 29. Ra2 g6 30. Bd3 Ke7 31. Rca1 Nc7 32. Nc3 Ra8 33. Ra7 f5 34. b5
Kd6 35. bxc6 Bxc6 36. Kf1 Rxa7 37. Rxa7 Ra8 38. Rxa8 Bxa8 39. Nb5+ Nxb5 40. Bxb5
Bc6 41. Bd3 Bd7 42. Ke1 g5 43. g3 f4 44. exf4 gxf4 45. g4 Ke7 46. f3 b5 47. Kd2
b4 48. Be2 h5 49. h4 hxg4 50. fxg4 Kf6 51. Bf3 Ke6 52. g5 Kf5 53. Bxd5 Be8 54.
Bf3 Bf7 55. Kd3 Ba2 56. Be2 Bd5 57. Bd1 f3 58. Ke3 b3 59. Kd3 Kg4 60. g6 Kxh4
61. g7 Kg3 62. Kc3 f2 63. Bxb3 Bg8 64. Bxg8 f1=Q 65. Bb3 Qf3+ 66. Kb2 Qe2+ 67.
Ka3 Qe7+ 68. Ka4 Qxg7 69. d5 Qe7 70. Kb5 Qd6 71. Kc4 Kf4 72. Kc3 Qc5+ 73. Kb2
Qb4 74. Kc2 Ke3 75. d6 Qxd6 76. Kc3 Qc5+ 77. Bc4 Ke4 78. Kb3 Kd4 79. Bg8 Qc3+
80. Ka2 Qb4 81. Bb3 Kc3 82. Ka1 Kxb3 {White resigns} 0-1

[Event "Team 45 45 League T33"]
[Site "Internet Chess Club"]
[Date "2007.04.20"]
[Round "1"]
[White "Amauta"]
[Black "mint-tea"]
[Result "1-0"]
[WhiteElo "1864"]
[BlackElo "1820"]
[ECO "C55"]
[TimeControl "2700+45"]

1. e4 e5 2. Nf3 Nc6 3. Bc4 Nf6 4. d3 Be7 5. O-O O-O 6. h3 d6 7. c3 Na5 8. Bb5 a6
9. Ba4 c5 10. Be3 Nc6 11. Nbd2 b5 12. Bb3 d5 13. exd5 Nxd5 14. Ne4 Nxe3 15. fxe3
Bb7 16. Ng3 Qd7 17. e4 Rad8 18. Bd5 Qc7 19. Nf5 g6 20. Nxe7+ Qxe7 21. Qd2 Kh8
22. Ng5 Rxd5 23. exd5 Nd8 24. Ne4 Bxd5 25. Nf6 {Black resigns} 1-0

[Event "Team 45 45 League T33"]
[Site "Internet Chess Club"]
[Date "2007.04.23"]
[Round "1"]
[White "Phoenix45"]
[Black "iwulu"]
[Result "1-0"]
[WhiteElo "2384"]
[BlackElo "2174"]
[ECO "D12"]
[TimeControl "2700+45"]

1. d4 d5 2. c4 c6 3. Nf3 Nf6 4. e3 Bf5 5. cxd5 cxd5 6. Qb3 Qc7 7. Bd2 Nc6 8. Bb5
e6 9. O-O Bd6 10. Bb4 O-O 11. Bxc6 bxc6 12. Nbd2 Nd7 13. Rfc1 Rfc8 14. Bxd6 Qxd6
15. Qc3 c5 16. Ne5 Nxe5 17. dxe5 Qa6 18. b3 Qa3 19. f3 h6 20. e4 Bg6 21. exd5
exd5 22. f4 Qa6 23. Qf3 Qe6 24. g4 Be4 25. Nxe4 dxe4 26. Qe2 g5 27. Qxe4 Qxg4+
28. Kh1 Qxf4 29. Qxf4 gxf4 30. Rc4 Rc6 31. Rxf4 Re8 32. Re1 Rce6 33. Ra4 R8e7
34. Kg2 Rd7 35. Kf3 f6 36. Kf4 Rd4+ 37. Kf5 Rxe5+ 38. Rxe5 Rxa4 39. Re2 Ra6 40.
Kg6 f5+ 41. Kxf5 Kf7 42. Rc2 Ra5 43. Ke4 Ke6 44. Rg2 Kf6 45. Kd5 Kf5 46. a4 Kf4
47. Rg6 h5 48. Kc4 Kf5 49. Rg2 Ra6 50. h4 {Black resigns} 1-0

[Event "Team 45 45 League T33"]
[Site "Internet Chess Club"]
[Date "2007.04.23"]
[Round "1"]
[White "SkinnyPuppy"]
[Black "HomerSimpson"]
[Result "1-0"]
[WhiteElo "2209"]
[BlackElo "2235"]
[ECO "B00"]
[TimeControl "2700+45"]

1. e4 b6 2. d4 Bb7 3. Bd3 Nf6 4. Qe2 Nc6 5. c3 e5 6. d5 Ne7 7. Nf3 d6 8. Bg5 Nd7
9. b4 g6 10. Nbd2 Bg7 11. Rc1 h6 12. Bh4 O-O 13. g4 f5 14. gxf5 gxf5 15. Rg1 Qe8
16. Qe3 Kh8 17. Kd1 f4 18. Qe2 Ng6 19. Qf1 Bf6 20. Bxf6+ Nxf6 21. Qh3 Kh7 22.
Ng5+ Kg7 23. Ne6+ Kh7 24. Nf3 Rh8 25. Nxc7 Qa4+ 26. Bc2 Qd7 27. Ne6 Bc8 28.
Nfg5+ Kg8 29. Qf5 {Black resigns} 1-0

[Event "Team 45 45 League T33"]
[Site "Internet Chess Club"]
[Date "2007.04.20"]
[Round "1"]
[White "Thestorm"]
[Black "gracey"]
[Result "1/2-1/2"]
[WhiteElo "2128"]
[BlackElo "2149"]
[ECO "A40"]
[TimeControl "2700+45"]

1. d4 b5 2. e4 Bb7 3. f3 a6 4. Be3 d5 5. a4 dxe4 6. axb5 Nf6 7. Nc3 axb5 8. Rxa8
Bxa8 9. Bxb5+ Nbd7 10. d5 exf3 11. Nxf3 e6 12. dxe6 fxe6 13. O-O c6 14. Bc4 Nd5
15. Bxd5 cxd5 16. Nd4 Bc5 17. Qh5+ g6 18. Qh6 Rf8 19. Ra1 Bxd4 20. Bxd4 Bc6 21.
Qxh7 Qg5 22. Qh3 Qf5 23. Qxf5 gxf5 24. Ra6 Nb8 25. Rb6 Kf7 26. Be5 Nd7 27. Rxc6
Nxe5 28. Rc7+ Kf6 29. h3 Rb8 30. b3 Ra8 31. Kf2 Ra1 32. Ne2 Rd1 33. Ke3 Re1 34.
Rc8 Ke7 35. Rg8 Nc6 36. Kd2 Rb1 37. Nf4 d4 38. Rg6 Nd8 39. Nd3 Nf7 40. c3 dxc3+
41. Kxc3 Rh1 42. b4 e5 43. Nc5 Nd8 44. b5 Rc1+ 45. Kb4 e4 46. Ra6 e3 47. Ra2 Rd1
48. Re2 Kd6 49. Nb3 f4 50. Rc2 Nb7 51. b6 Rb1 52. Ka4 Kd7 53. Ka3 Ke6 54. Rc1
Rxc1 55. Nxc1 Ke5 56. Kb4 Ke4 57. Ne2 f3 58. Nc3+ Kd3 59. gxf3 Nd8 60. Nd5 e2
61. Nf4+ Ke3 62. Nxe2 Kxe2 63. f4 Kf3 64. f5 Ke4 65. f6 Kd5 66. b7 Ke6 67. b8=B
Nc6+ 68. Kc5 Nxb8 {Game drawn by mutual agreement} 1/2-1/2

[Event "Team 45 45 League T33"]
[Site "Internet Chess Club"]
[Date "2007.04.24"]
[Round "1"]
[White "Ser-Enigma"]
[Black "Pawnster"]
[Result "0-1"]
[WhiteElo "2081"]
[BlackElo "2206"]
[ECO "E04"]
[TimeControl "2700+45"]

1. d4 Nf6 2. c4 e6 3. Nf3 d5 4. g3 dxc4 5. Bg2 a6 6. O-O Nc6 7. Na3 Bxa3 8. bxa3
Rb8 9. Bb2 O-O 10. Qc2 b5 11. Rad1 Ne7 12. e4 Bb7 13. Rfe1 Bxe4 14. Rxe4 Nxe4
15. Qxe4 Nd5 16. h4 Qd6 17. Ng5 Nf6 18. Qf3 h6 19. Ne4 Nxe4 20. Qxe4 Rfd8 21.
Bf3 c3 22. Bxc3 Qxa3 23. Ba1 Qxa2 24. Qe5 Rd6 25. d5 f6 26. Qd4 Rbd8 27. Qa7 Qc4
28. Bd4 Rxd5 29. Bxd5 Rxd5 30. Qxa6 c5 31. Qxe6+ Kh7 32. Ra1 Qxd4 33. Ra8 Re5
34. Qg8+ Kg6 35. Re8 Qd1+ 36. Kh2 Qd5 37. Qh8 c4 38. g4 Rxe8 39. Qxe8+ Kh7 40.
f4 Qf3 41. h5 Qxg4 42. Qxb5 Qxf4+ 43. Kh3 Qe3+ 44. Kg2 Qg5+ {White resigns} 0-1

[Event "Team 45 45 League T33"]
[Site "Internet Chess Club"]
[Date "2007.04.23"]
[Round "1"]
[White "Satan"]
[Black "f5"]
[Result "0-1"]
[WhiteElo "2154"]
[BlackElo "2307"]
[ECO "B22"]
[TimeControl "2700+45"]

1. e4 c5 2. c3 Nf6 3. e5 Nd5 4. d4 cxd4 5. Nf3 Nc6 6. Bc4 Nb6 7. Bb3 d5 8. exd6
Qxd6 9. O-O Be6 10. Bxe6 Qxe6 11. Nxd4 Nxd4 12. Qxd4 Rd8 13. Qh4 Qe2 14. Bd2 h5
15. h3 f6 16. Qg3 Kf7 17. f4 h4 18. Qf2 Qxf2+ 19. Kxf2 Nc4 20. Bc1 e6 21. b3
Bc5+ 22. Kf3 Nd6 23. Ba3 Bb6 24. Bb2 Nf5 25. Na3 Rd3+ 26. Ke2 Rhd8 27. Rfd1 Ng3+
{White resigns} 0-1